 Dungeon Crawl Stone Soup version 0.19.1 (webtiles) character file.

11277 empire the Basher (level 11, -8/67 HPs)
             Began as a Gargoyle Monk on Dec 23, 2016.
             Was the Champion of Okawaru.
             Mangled by a cyclops (19 damage)
             ... on level 11 of the Dungeon.
             The game lasted 00:35:27 (12620 turns).

empire the Basher (Gargoyle Monk)                  Turns: 12620, Time: 00:35:28

Health: -8/67      AC: 22    Str: 19    XL:     11   Next: 75%
Magic:  11/11      EV: 14    Int: 10    God:    Okawaru [******]
Gold:   506        SH:  6    Dex: 19    Spells: 2 memorised, 3 levels left

rFire  . . .     SeeInvis .     b - +8 mace "Jagair" {speed, Str+2}
rCold  . . .     Gourm    .     X - +0 chain mail
rNeg   + + .     Faith    .     (no shield)
rPois  ∞         Spirit   .     (helmet restricted)
rElec  +         Reflect  +     W - +0 cloak
rCorr  .         Harm     .     Y - +1 pair of gloves {archery}
MR     +....                    (no boots)
Stlth  ..........               u - +6 amulet of reflection
                                f - ring of protection from magic
                                q - ring of positive energy

@: agile, very slightly contaminated, invisible
A: horns 1, negative energy resistance 1, screaming 1, electricity resistance,
unbreathing, petrification resistance, rot immunity, AC +7
a: Heroism, Finesse, Renounce Religion


You were on level 11 of the Dungeon.
You worshipped Okawaru.
Okawaru was exalted by your worship.
You were not hungry.

You visited 3 branches of the dungeon, and saw 14 of its levels.

You collected 594 gold pieces.
You spent 88 gold pieces at shops.

Inventory:

Hand Weapons
 a - a +3 mace of protection
 b - the +8 mace "Jagair" (weapon) {speed, Str+2}
   (You found it on level 6 of the Dungeon)

   Attacks with this weapon are significantly faster.
   It affects your strength (+2).
Missiles
 H - 13 arrows
Armour
 i - a +0 plate armour
 y - a +4 scale mail of positive energy
 W - a +0 cloak (worn)
 X - a +0 chain mail (worn)
 Y - a +1 pair of gloves of archery (worn)
 Z - a +0 helmet
Jewellery
 f - a ring of protection from magic (right hand)
 j - an uncursed ring of fire {unknown}
 q - a ring of positive energy (left hand)
 t - an uncursed ring of poison resistance {unknown}
 u - a +6 amulet of reflection (around neck)
 x - an uncursed ring of see invisible {unknown}
Wands
 k - a wand of teleportation (1/9)
 l - a wand of confusion (31/48)
 K - a wand of acid (5/15)
 M - a wand of slowing (24/48)
 O - a wand of enslavement (5/24)
 P - a wand of lightning (5/15)
 V - a wand of flame (25/48)
Scrolls
 m - a scroll of summoning
 r - 6 scrolls of remove curse
 v - 3 scrolls of teleportation
 z - 7 scrolls of blinking
 A - a scroll of magic mapping
 T - a scroll of fear
Potions
 e - 8 potions of curing
 g - a potion of mutation
 n - 2 potions of haste
 o - 2 potions of lignification
 w - 3 potions of flight
 B - a potion of cancellation
 D - 3 potions of berserk rage
 E - a potion of might
 G - a potion of resistance
 J - a potion of agility
Books
 s - a book of Conjurations

   Spells                             Type                      Level
   a - Magic Dart                     Conjuration                  1
   b - Searing Ray                    Conjuration                  2
   c - Dazzling Spray                 Conjuration/Hexes            3
   d - Fulminant Prism                Conjuration/Hexes            4
   e - Iskenderun's Mystic Blast      Conjuration                  4
   f - Iskenderun's Battlesphere      Conjuration/Charms           5
Comestibles
 c - 11 bread rations
 d - a beef jerky
 h - 5 meat rations
 p - 6 chunks of flesh
 C - 5 fruits


   Skills:
 - Level 7.1 Fighting
 + Level 10.9 Maces & Flails
 - Level 10.0 Armour
 - Level 2.4 Dodging
 - Level 2.1 Stealth
 - Level 7.0 Transmutations
 - Level 7.2 Earth Magic


You had 3 spell levels left.
You knew the following spells:

 Your Spells              Type           Power        Failure   Level  Hunger
a - Passwall              Tmut/Erth      ##........   24%         2    ###....
b - Lee's Rapid Deconstr  Erth           ##........   100%        5    ######.


Dungeon Overview and Level Annotations

Branches:
Dungeon (12/15)            Temple (1/1) D:5            Lair (1/6) D:9
    Orc: D:9-12

Altars:
Ashenzari
Cheibriados
Dithmenos
Elyvilon
Fedhas
Gozag
Hepliaklqana
Kikubaaqudgha
Makhleb
Nemelex Xobeh
Okawaru
Qazlal
Ru
Sif Muna
Trog
Uskayaw
Vehumet
Xom
Yredelemnul
Zin
The Shining One
Lugonu

Shops:
D:4 *


Innate Abilities, Weirdness & Mutations

You are resistant to torment.
Your stone body is resilient. (AC +7)
You are immune to poison.
You resist negative energy. (rN+)
You are resistant to electric shocks. (rElec)
You can survive without breathing.
You are immune to petrification.
You are immune to rotting.
You have a pair of small horns on your head.
You occasionally shout uncontrollably at your foes.


Message History

The leopard gecko bites you but does no damage.
You see here an adder corpse.
The leopard gecko barely misses you.
You hit the cyclops.
The cyclops is lightly wounded.
The cyclops hits you!!
* * * LOW HITPOINT WARNING * * *
The leopard gecko closely misses you. The leopard gecko barely misses you.
You see here an adder corpse.
There is an open door here.
You fade into invisibility!
You block the leopard gecko's attack.
You bludgeon the leopard gecko!!
You kill the leopard gecko!
Okawaru accepts your kill.
The cyclops throws a large rock.
The large rock misses you.
You see here a leopard gecko corpse.
The cyclops hits you!!
You die...

#....>..<#
#........#
#........#
+........#
#..[.....#
######'###
#.(..#
#†####
##@########
#.C†......#
#.(.......#
#.........+
#.........#
#.........#
+.........#
#.........#
######+####


You could see a cyclops.

Vanquished Creatures
  A death yak (D:9)
  A hill giant (D:10)
  Pikel (D:9)
  A manticore (D:11)
  A centaur skeleton (D:10)
  3 spiny frogs
  A rime drake (Lair:1)
  A troll (D:9)
  A spriggan (D:7)
  A vampire (D:10)
  12 yaks
  A basilisk (Lair:1)
  Grum (D:11)
  A hungry ghost (D:9)
  A water moccasin (Lair:1)
  A porcupine (Lair:1)
  A hornet zombie (D:9)
  4 ice beasts
  An orc warrior (D:10)
  2 sky beasts
  A necrophage (D:7)
  3 wolves
  2 ogres
  2 phantoms
  4 centaurs
  5 crocodiles
  13 bullfrogs
  4 scorpions
  4 wights (D:7)
  8 crimson imps
  Crazy Yiuf (D:7)
  A bullfrog zombie (D:6)
  2 centaur zombies
  6 hounds
  A jelly (D:7)
  8 orc priests
  8 orc wizards
  A bullfrog skeleton (D:7)
  An iguana (D:7)
  Natasha (D:2)
  8 worker ants
  4 hound skeletons
  A worker ant zombie (D:11)
  3 gnolls (D:3)
  6 adders
  A howler monkey skeleton (D:9)
  2 oozes (D:5)
  2 adder skeletons
  An adder zombie (D:5)
  3 worms
  The ghost of dscm the Shield-Bearer, a weakling OpFi (D:4)
  2 dart slugs
  2 leopard geckos
  30 orcs
  5 bats
  5 giant cockroaches
  3 goblins
  3 hobgoblins
  12 jackals
  2 quokkas (D:3)
  7 ball pythons
  8 frilled lizards
  6 kobolds
  2 rats
  A bush (D:4)
  2 demonic plants (Temple)
235 creatures vanquished.

Vanquished Creatures (others)
  3 slaves (D:9)
  A centaur (D:6)
  A shadow imp (D:9)
  An orc (D:9)
  A hobgoblin (D:9)
  A kobold (D:9)
8 creatures vanquished.

Grand Total: 243 creatures vanquished

Notes
Turn   | Place    | Note
-------+----------+-------------------------------------------
     0 | D:1      | empire the Gargoyle Monk began the quest for the Orb.
     0 | D:1      | Reached XP level 1. HP: 14/14 MP: 1/1
   180 | D:1      | Reached XP level 2. HP: 19/19 MP: 2/2
   973 | D:2      | Noticed Natasha
   982 | D:2      | Noticed a crimson imp
   982 | D:2      | Killed Natasha
   982 | D:2      | Reached XP level 3. HP: 8/23 MP: 3/3
  1226 | D:2      | Found a hide-covered altar of Uskayaw.
  1244 | D:2      | Found a hazy altar of Hepliaklqana.
  1310 | D:2      | Found an ancient bone altar of Kikubaaqudgha.
  1310 | D:2      | Found an iron altar of Okawaru.
  1319 | D:2      | Became a worshipper of Warmaster Okawaru
  1319 | D:2      | Reached * piety under Okawaru
  1319 | D:2      | Reached ** piety under Okawaru
  1384 | D:2      | Found a shattered altar of Ashenzari.
  1689 | D:2      | Found a shadowy altar of Dithmenos.
  2023 | D:2      | Reached XP level 4. HP: 28/28 MP: 4/4
  2061 | D:3      | Found a basalt altar of Yredelemnul.
  2135 | D:3      | Found a sparkling altar of Nemelex Xobeh.
  2366 | D:3      | Reached XP level 5. HP: 25/33 MP: 5/5
  2576 | D:4      | Noticed a centaur
  2580 | D:4      | Found a blossoming altar of Fedhas.
  2634 | D:4      | Reached skill level 5 in Fighting
  2634 | D:4      | Reached XP level 6. HP: 18/40 MP: 6/6
  2949 | D:4      | Noticed dscm's ghost (weakling OpFi)
  2959 | D:4      | Killed dscm's ghost
  3082 | D:4      | Found a deep blue altar of Sif Muna.
  3144 | D:4      | Noticed a phantom
  3161 | D:4      | Killed a phantom
  3313 | D:4      | Found Bomuluob's General Store.
  3318 | D:4      | Bought a potion of berserk rage for 55 gold pieces
  3318 | D:4      | Bought a potion of flight for 33 gold pieces
  3441 | D:4      | Reached XP level 7. HP: 48/48 MP: 7/7
  4163 | D:4      | Reached *** piety under Okawaru
  4163 | D:4      | Reached skill level 5 in Maces & Flails
  4274 | D:5      | Entered Level 5 of the Dungeon
  4275 | D:5      | Found a burning altar of Makhleb.
  4460 | D:5      | Reached XP level 8. HP: 37/53 MP: 8/8
  4466 | D:5      | Found a staircase to the Ecumenical Temple.
  4498 | Temple   | Entered the Ecumenical Temple
  5100 | D:5      | Reached **** piety under Okawaru
  5559 | D:6      | Found a glowing golden altar of the Shining One.
  5800 | D:6      | Found a stormy altar of Qazlal.
  5845 | D:6      | Got a twisted mace
  5846 | D:6      | Identified the +8 mace "Jagair" {speed, Str+2} (You found it on level 6 of the Dungeon)
  6581 | D:6      | Reached XP level 9. HP: 57/57 MP: 9/9
  6597 | D:6      | Reached skill level 5 in Armour
  6728 | D:7      | Found a runed door.
  6732 | D:7      | Noticed Crazy Yiuf
  6739 | D:7      | Killed Crazy Yiuf
  6808 | D:7      | Reached ***** piety under Okawaru
  7319 | D:7      | Found a snail-covered altar of Cheibriados.
  7918 | D:8      | Found a white marble altar of Elyvilon.
  8140 | Temple   | Learned a level 2 spell: Passwall
  8146 | Temple   | Learned a level 5 spell: Lee's Rapid Deconstruction
  8533 | D:9      | Reached skill level 10 in Armour
  8533 | D:9      | Reached XP level 10. HP: 63/63 MP: 10/10
  8584 | D:9      | Reached skill level 1 in Earth Magic
  8589 | D:9      | Noticed a spiny frog
  8592 | D:9      | Noticed a death yak
  8616 | D:9      | Killed a spiny frog
  8653 | D:9      | Reached skill level 5 in Earth Magic
  8667 | D:9      | Killed a death yak
  8667 | D:9      | Received a gift from Okawaru
  8681 | D:9      | Found a staircase to the Lair.
  8876 | D:9      | Noticed Pikel
  8904 | D:9      | Killed Pikel
  8916 | D:9      | Got a twisted robe
  8988 | Lair:1   | Entered Level 1 of the Lair of Beasts
  9150 | Lair:1   | Noticed a spiny frog
  9168 | Lair:1   | Killed a spiny frog
  9258 | Lair:1   | Noticed a spiny frog
  9269 | Lair:1   | Killed a spiny frog
  9593 | Lair:1   | Reached skill level 5 in Transmutations
  9664 | Lair:1   | Reached XP level 11. HP: 64/67 MP: 11/11
 10677 | D:9      | Found a snail-covered altar of Cheibriados.
 10849 | D:10     | Entered Level 10 of the Dungeon
 11273 | D:10     | Noticed a hill giant
 11280 | D:10     | Killed a hill giant
 11441 | D:10     | Reached ****** piety under Okawaru
 11449 | D:10     | You fall through a shaft for 2 floors!
 11455 | D:11     | Noticed a manticore
 11463 | D:11     | Killed a manticore
 11463 | D:11     | Received a gift from Okawaru
 11797 | D:10     | Reached skill level 10 in Maces & Flails
 12049 | D:10     | Gained mutation: You regenerate slowly when monsters are visible. [mutagenic meat]
 12050 | D:10     | Gained mutation: You possess an exceptional clarity of mind. [mutagenic meat]
 12051 | D:10     | Gained mutation: You occasionally shout uncontrollably at your foes. [mutagenic meat]
 12052 | D:10     | Gained mutation: You have a pair of small horns on your head. [mutagenic meat]
 12053 | D:10     | Gained mutation: You are dopey. (Int -2) [mutagenic meat]
 12054 | D:10     | Gained mutation: You are resistant to hostile enchantments. (MR+) [mutagenic meat]
 12054 | D:10     | Lost mutation: You are resistant to hostile enchantments. (MR+) [potion of cure mutation]
 12054 | D:10     | Lost mutation: You are dopey. (Int -2) [potion of cure mutation]
 12054 | D:10     | Lost mutation: You possess an exceptional clarity of mind. [potion of cure mutation]
 12054 | D:10     | Lost mutation: You regenerate slowly when monsters are visible. [potion of cure mutation]
 12515 | D:11     | Noticed Grum
 12541 | D:11     | Killed Grum
 12605 | D:11     | Noticed a cyclops
 12620 | D:11     | Mangled by a cyclops

Skill      XL: |  1  2  3  4  5  6  7  8  9 10 11 |
---------------+----------------------------------+-----
Maces & Flails | 4 6 9 10 | 10.9
Armour         | 2 3 4 10 | 10.0
Fighting       | 4 5 7 |  7.1
Earth Magic    | 7 |  7.2
Transmutations | 5 7 |  7.0
Dodging        | |  2.4
Stealth        | |  2.1

Action                   |  1- 3 |  4- 6 |  7- 9 | 10-12 || total
-------------------------+-------+-------+-------+-------++-------
Melee: Mace              |    91 |   255 |   561 |   573 ||  1480
       Headbutt          |       |       |       |    18 ||    18
Invok: Heroism           |       |       |       |     2 ||     2
  Use: Potion            |     1 |     4 |     1 |     9 ||    15
       Scroll            |       |       |    17 |     8 ||    25
 Stab: Sleeping          |     2 |       |       |       ||     2
  Eat: Chunk             |     3 |     3 |    18 |    21 ||    45
       Fruit             |       |     1 |     1 |       ||     2
       Pizza             |       |       |     1 |       ||     1
Armor: Robe              |     7 |       |       |       ||     7
       Chain mail        |    50 |   130 |   378 |   352 ||   910
       Ring mail         |     6 |       |       |       ||     6
Dodge: Dodged            |    35 |    90 |   185 |   199 ||   509
Block: Other             |    11 |    75 |   169 |   153 ||   408
       Reflection        |       |     3 |     3 |     1 ||     7
